 Dungeon Crawl Stone Soup version 0.31-a0-1-g4198be8af4 (webtiles) character file.

Game seed: 8748708187881820325

5153 Anamonty the Tainter (level 10, -15/69 HPs)
             Began as an Octopode Venom Mage on May 3, 2023.
             Was a Believer of Qazlal.
             Demolished by a boulder beetle (48 damage)
             ... on level 9 of the Dungeon.
             The game lasted 00:18:37 (10764 turns).

Anamonty the Tainter (Octopode Venom Mage)         Turns: 10764, Time: 00:18:38

Health: -15/69     AC:  1    Str: 11    XL:     10   Next: 59%
Magic:  12/20      EV: 16    Int: 17    God:    Qazlal [**....]
Gold:   491        SH:  3    Dex: 14    Spells: 14/22 levels left

rFire   . . .        h - +3 dagger (drain)
rCold   . . .        (no shield)
rNeg    . . .        (helmet restricted)
rPois   .            (no amulet)
rElec   .            (no ring)
rCorr   .            (no ring)
SInv    .            (no ring)
Will    .....        (no ring)
Stlth   +++          (no ring)
HPRegen 0.31/turn    (no ring)
MPRegen 0.17/turn    (no ring)
                     (no ring)

%: no passive effects
@: no status effects
A: almost no armour, amphibious, 8 rings, camouflage 1, gelatinous body 1,
(nimble swimmer 1), tentacles
a: Renounce Religion, Upheaval


You were on level 9 of the Dungeon.
You worshipped Qazlal.
Qazlal was pleased with you.
You visited 2 branches of the dungeon, and saw 10 of its levels.
You also visited: Bailey.

You collected 491 gold pieces.

Inventory:

Hand Weapons
 h - a +3 dagger of draining (weapon)
Missiles
 q - a throwing net
Jewellery
 A - a +6 ring of strength
Wands
 j - a wand of flame (24)
 s - a wand of paralysis (7) (quivered)
 x - a wand of iceblast (14)
 B - a wand of digging (9)
Scrolls
 d - 2 scrolls of enchant weapon
 g - a scroll of immolation {unknown}
 k - 5 scrolls of teleportation
 m - a scroll of brand weapon {unknown}
 n - 3 scrolls of amnesia
 r - 2 scrolls of fear
 u - a scroll of silence {unknown}
 v - 2 scrolls of noise
 w - a scroll of poison {unknown}
 y - a scroll of butterflies {unknown}
 z - a scroll of enchant armour {unknown}
 C - a scroll of magic mapping {unknown}
 D - a scroll of identify
Potions
 a - a potion of magic
 b - 6 potions of curing
 c - 2 potions of attraction {unknown}
 e - 2 potions of mutation {unknown}
 f - 2 potions of brilliance
 i - 2 potions of heal wounds
 l - 6 potions of haste
 o - a potion of lignification {unknown}
 p - 4 potions of flight {unknown}
 t - a potion of invisibility {unknown}


   Skills:
 + Level 6.6 Fighting
 - Level 2.2 Short Blades
 + Level 7.2 Dodging
 - Level 2.6 Stealth
 + Level 6.6 Spellcasting
 + Level 4.3 Transmutations
 - Level 10.0 Poison Magic
 + Level 2.8 Invocations


You had 14 spell levels left.
You knew the following spells:

 Your Spells              Type           Power      Damage    Failure   Level
a - Sting                 Tmut/Pois      100%       1d8       1%          1
b - Olgreb's Toxic Radia  Pois           39%        N/A       1%          4
c - Mephitic Cloud        Conj/Pois/Air  17%        N/A       9%          3

Your spell library contained the following spells:

 Spells                   Type           Power      Damage    Failure   Level
 Spider Form              Tmut/Pois      30%        N/A       1%          3
 Poisonous Vapours        Pois/Air       44%        N/A       2%          2
 Wereblood                Tmut           20%        N/A       3%          2
 Freeze                   Ice            20%        1d4       12%         1
 Ensorcelled Hibernation  Hex/Ice        10%        N/A       19%         2
 Sublimation of Blood     Necr           5%         N/A       19%         2
 Frozen Ramparts          Ice            10%        1d2       36%         3
 Gell's Gravitas          Tloc           5%         N/A       36%         3
 Hailstorm                Conj/Ice       5%         3d4       36%         3
 Ozocubu's Armour         Ice            5%         N/A       36%         3
 Teleport Other           Tloc           5%         N/A       36%         3
 Anguish                  Hex/Necr       2%         N/A       77%         4
 Metabolic Englaciation   Hex/Ice        2%         N/A       98%         5
 Dispersal                Tloc           2%         N/A       100%        6
 Simulacrum               Ice/Necr       2%         N/A       100%        6
 Summon Hydra             Summ           2%         N/A       100%        7


Dungeon Overview and Level Annotations

Branches:
Dungeon (9/15)             Temple (1/1) D:6          Bailey (visited)
   Lair: D:8-11         Orc: D:9-12

Altars:
Ashenzari
Dithmenos
Elyvilon
Fedhas
Gozag
Hepliaklqana
Makhleb
Nemelex Xobeh
Okawaru
Qazlal
Trog
Wu Jian
Xom
Yredelemnul
Zin
The Shining One

Annotations:
D:3 2 transporters, tish's ghost, novice OpFi
D:8 2 transporters, exclusion: oklob plant, Morbidden's ghost, novice DrCj


Innate Abilities, Weirdness & Mutations

You cannot wear most types of armour.
You are amphibious.
You can wear up to eight rings at the same time.
Your skin changes colour to match your surroundings (Stealth+).
Your rubbery body absorbs attacks. (AC +1, EV +1)
((You are camouflaged when in or above water. (Stealth+)))
You have tentacles for arms and can constrict up to eight enemies at once.


Message History

There is an open door here.
A boulder beetle comes into view.
The boulder beetle moves out of view.
A boulder beetle is nearby!
A boulder beetle is nearby!
Casting: Olgreb's Toxic Radiance (dangerous; 1% risk of failure)
Confirm with . or Enter, or press ? or * to list all spells.
You begin to radiate toxic energy.
The boulder beetle is poisoned.
The boulder beetle curls into a ball and begins rolling!
Unknown command.
Your toxic aura wanes.
Casting: Olgreb's Toxic Radiance (dangerous; 1% risk of failure)
Confirm with . or Enter, or press ? or * to list all spells.
You can't see any susceptible monsters within range! (Use Z to cast anyway.)
Casting: Olgreb's Toxic Radiance (dangerous; 1% risk of failure)
Confirm with . or Enter, or press ? or * to list all spells.
Aiming: Mephitic Cloud (dangerous; 9% risk of failure)
Press: ? - help, Shift-Dir - straight line, f - you The ball explodes into a vile cloud!
The stinking cloud engulfs you but does no damage.
The boulder beetle hits you!!
The boulder beetle stops rolling and uncurls.
Unknown command.
Unknown command.
The boulder beetle attacks as you move away!
The boulder beetle bites you!
The boulder beetle curls into a ball and begins rolling!
Casting: Mephitic Cloud (dangerous; 9% risk of failure)
Confirm with . or Enter, or press ? or * to list all spells.
Aiming: Mephitic Cloud (dangerous; 9% risk of failure)
Press: ? - help, Shift-Dir - straight line, f - boulder beetle
Aim: a boulder beetle (lightly wounded, rolling, chance to affect: 43%)
The ball explodes into a vile cloud!
The stinking cloud engulfs the boulder beetle but does no damage.
The boulder beetle is lightly wounded.
The stinking cloud engulfs you but does no damage.
The boulder beetle is engulfed in noxious fumes.
The boulder beetle appears confused.
The boulder beetle hits you!!!
Ouch! That really hurt!
You die...

###........#
#........##
####......#
######......+
.....+......#
######......#
........##'##
...........#######
.............°☼B@#
........#..#####.#
........#.○# #.#
##.####.°..# #.#
.... #.°..# #.# ..
#°..... ..#
#..........#
...#'#####.#
.#.....


You could see a boulder beetle (rolling, confused).

Vanquished Creatures
  An orc knight (Bailey)
  Maggie (D:7)
  Prince Ribbit (D:5)
  A wyvern (D:6)
  A steam dragon (D:8)
  4 yaks (D:9)
  2 wargs (D:9)
  11 orc warriors
  A black bear (D:4)
  4 centaurs
  A phantom (D:6)
  A kobold brigand (D:8)
  A bullfrog (D:6)
  A gnoll sergeant (D:7)
  A scorpion (D:5)
  3 wights
  6 killer bees (D:9)
  2 howler monkeys
  3 hounds
  2 jellies (D:6)
  4 orc priests
  Crazy Yiuf (D:6)
  A sleepcap (D:6)
  4 gnoll boudas
  Ijyb (D:5)
  5 orc wizards
  An iguana (D:6)
  Robin (D:4)
  5 adders
  20 gnolls
  A white imp (D:7)
  An ufetubus (D:6)
  2 dart slugs
  35 orcs
  6 ball pythons
  6 endoplasms
  5 giant cockroaches
  11 goblins
  14 hobgoblins
  2 jackals (D:2)
  4 quokkas
  9 bats
  7 frilled lizards
  4 kobolds
  15 rats
213 creatures vanquished.

Vanquished Creatures (others)
  4 kobolds (D:8)
  2 plants (D:4)
6 creatures vanquished.

Grand Total: 219 creatures vanquished

Notes
Turn   | Place    | Note
-------+----------+-------------------------------------------
     0 | D:1      | Anamonty the Octopode Venom Mage began the quest for the
                  | Orb.
     0 | D:1      | Reached XP level 1. HP: 11/11 MP: 3/3
   231 | D:1      | Reached skill level 4 in Poison Magic
   231 | D:1      | Reached XP level 2. HP: 17/17 MP: 3/5
   663 | D:1      | Reached XP level 3. HP: 20/21 MP: 3/6
  1216 | D:2      | Found a faded altar of an unknown god.
  1860 | D:3      | Reached skill level 5 in Poison Magic
  1860 | D:3      | Reached XP level 4. HP: 18/27 MP: 5/7
  1974 | D:3      | Found a transporter.
  1975 | D:3      | Noticed tish's ghost (novice OpFi)
  1990 | D:3      | Found a transporter.
  2049 | D:3      | Reached skill level 1 in Fighting
  2293 | D:3      | Reached XP level 5. HP: 27/33 MP: 9/9
  2391 | D:3      | Found a white marble altar of Elyvilon.
  2392 | D:3      | Found a shadowy altar of Dithmenos.
  2764 | D:4      | Found an iron altar of Okawaru.
  2788 | D:4      | Noticed Robin
  2805 | D:4      | Killed Robin
  2913 | D:4      | Noticed a black bear
  2943 | D:4      | Learned a level 4 spell: Olgreb's Toxic Radiance
  2947 | D:4      | Learned a level 3 spell: Mephitic Cloud
  3016 | D:4      | Found a glowing golden altar of the Shining One.
  3385 | D:4      | Killed a black bear
  3386 | D:4      | Reached skill level 6 in Poison Magic
  3386 | D:4      | Reached XP level 6. HP: 33/39 MP: 5/10
  3567 | D:5      | Entered Level 5 of the Dungeon
  3567 | D:5      | Noticed Ijyb
  3571 | D:5      | Killed Ijyb
  3842 | D:5      | Noticed Prince Ribbit
  4026 | D:5      | Reached XP level 7. HP: 4/45 MP: 6/12
  4033 | D:5      | Killed Prince Ribbit
  4034 | D:5      | Reached skill level 7 in Poison Magic
  4365 | D:5      | Found an ornate altar of the Wu Jian Council.
  4956 | D:5      | Reached XP level 8. HP: 31/52 MP: 12/14
  5490 | D:6      | Noticed a wyvern
  5514 | D:6      | Killed a wyvern
  5515 | D:6      | Reached skill level 8 in Poison Magic
  5598 | D:6      | Found a burning altar of Makhleb.
  5899 | D:6      | Found a runed translucent door.
  5900 | D:6      | Noticed Crazy Yiuf
  5969 | D:6      | Found a staircase to the Ecumenical Temple.
  6195 | D:6      | Found a sparkling altar of Nemelex Xobeh.
  6297 | Temple   | Entered the Ecumenical Temple
  6355 | Temple   | Became a worshipper of Qazlal Stormbringer
  6866 | D:6      | Reached skill level 5 in Dodging
  7153 | D:6      | Killed Crazy Yiuf
  7154 | D:6      | Reached skill level 9 in Poison Magic
  7402 | D:7      | Noticed Maggie
  7426 | D:7      | Killed Maggie
  7427 | D:7      | Reached skill level 5 in Spellcasting
  7427 | D:7      | Reached XP level 9. HP: 59/59 MP: 4/16
  7867 | D:8      | Found a flagged portal.
  7880 | Bailey   | Entered a bailey
  7951 | Bailey   | Reached * piety under Qazlal
  8113 | Bailey   | Reached skill level 5 in Fighting
  8113 | Bailey   | Reached skill level 10 in Poison Magic
  8372 | Bailey   | Reached skill level 1 in Short Blades
  8624 | Bailey   | Noticed an orc knight
  8644 | Bailey   | Killed an orc knight
  8952 | D:8      | Reached XP level 10. HP: 49/68 MP: 11/18
  9275 | D:8      | Found a transporter.
  9278 | D:8      | Noticed an oklob plant
  9422 | D:8      | Noticed a glowing orange brain
  9453 | D:8      | Noticed Morbidden's ghost (novice DrCj)
  9472 | D:8      | Found a transporter.
  9713 | D:8      | Reached ** piety under Qazlal
  9849 | D:8      | Found a hazy altar of Hepliaklqana.
 10081 | D:9      | Reached skill level 1 in Invocations
 10750 | D:9      | Noticed a boulder beetle
 10764 | D:9      | Demolished by a boulder beetle

Illustrated notes

Levels and vault maps discovered:
D:1:      dpeg_arrival_ratfight, layout_basic
D:2:      layout_basic, hellmonk_ecumenical_altar_dog_temple
D:3:      layout_loops_ring, minitemple, gammafunk_ghost_stat_death
D:4:      layout_basic, kennysheep_mini, mainiacjoe_overflow_alcove_4,
          minivault_11, grunt_ministairs_11, serial_bayou_crossing, uniq_robin
D:5:      layout_layer_cave, nicolae_wu_jian_wuxing_cycle, uniq_ijyb,
          uniq_prince_ribbit1
D:6:      layout_basic, nemelex_diamond_rough_becter,
          mainiacjoe_overflow_cross_hatched, minmay_temple_entry_tees,
          uniq_crazy_yiuf_cottage
D:7:      layout_rooms, uniq_maggie
D:8:      layout_basic, nzn_hepliaklqana_mist_gate, nzn_ghost_randoct,
          enter_bailey_4, lemuel_flamethrower_2
D:9:      layout_basic, old_standard_altar, erik_lair_orcish_takeover
Temple:   nicolae_temple_slightly_damp_pantheon

Skill      XL: |  1  2  3  4  5  6  7  8  9 10 |
---------------+-------------------------------+-----
Poison Magic   | 4 5 6 7 9 10 | 10.0
Fighting       | 1 2 3 4 5 6 |  6.6
Dodging        | 3 4 5 6 7 |  7.2
Spellcasting   | 3 4 5 6 |  6.6
Short Blades   | 2 |  2.2
Transmutations | 3 4 |  4.3
Invocations    | 2 |  2.8
Stealth        | |  2.6

Action                     |  1- 3 |  4- 6 |  7- 9 | 10-12 || total
---------------------------+-------+-------+-------+-------++-------
  Melee: Unarmed           |    66 |       |       |       ||    66
         Constrict         |    27 |    18 |    21 |     7 ||    73
         Tentacles         |    11 |    11 |    27 |    25 ||    74
         Dagger            |    25 |    80 |   116 |    66 ||   287
         Punch             |     2 |       |     2 |     1 ||     5
   Cast: Sting             |    23 |    16 |    31 |     8 ||    78
         Olgreb's Toxic Ra |       |     3 |    40 |    19 ||    62
         Mephitic Cloud    |       |     1 |    12 |     8 ||    21
  Evoke: Wand              |       |       |     3 |       ||     3
    Use: Scroll            |     3 |       |     4 |     2 ||     9
         Potion            |       |       |     1 |       ||     1
   Stab: Sleeping          |     7 |     6 |     3 |       ||    16
         Paralysed         |       |       |     2 |       ||     2
         Confused          |       |       |     1 |     1 ||     2
 Armour: Skin              |     8 |     7 |     4 |       ||    19
  Dodge: Dodged            |    75 |    63 |   103 |    50 ||   291
  Block: Other             |       |       |     1 |     6 ||     7

Table legend: (Time is in decaauts)
 A = Elapsed time spent in this place.
 B = Non-inter-level travel time spent in this place.
 C = Inter-level travel time spent in this place.
 D = Time resting spent in this place.
 E = Time spent auto-exploring this place.
 F = Levels seen in this place.
 G = Mean time per level.
                   A        B        C        D        E       F      G
               +--------+--------+--------+--------+--------+-----+--------+
         Total |  10760 |  10421 |    339 |      0 |   8726 |  11 |  978.2 |
       Dungeon |   9680 |   9357 |    323 |      0 |   7862 |   9 | 1075.6 |
        Temple |    136 |    120 |     16 |      0 |     95 |   1 |  136.0 |
        Bailey |    943 |    943 |      0 |      0 |    769 |   1 |  943.0 |
               +--------+--------+--------+--------+--------+-----+--------+

Top non-repeatable levels by time:
     D:6: 1687 daAuts
     D:5: 1548 daAuts
     D:8: 1428 daAuts
     D:4: 1254 daAuts
  Bailey: 943 daAuts
     D:1: 938 daAuts
     D:2: 904 daAuts
     D:3: 775 daAuts
     D:7: 621 daAuts
     D:9: 522 daAuts
  Temple: 136 daAuts
